 Dungeon Crawl Stone Soup version 0.30.1-11-g7821555f0a (webtiles) character file.

Game seed: 15014202290011252973

4144 Peloso the Carver (level 10, -15/84 (86) HPs)
             Began as a Minotaur Fighter on Jan 14, 2024.
             Was a Believer of Okawaru.
             Demolished by a death yak (19 damage)
             ... on level 7 of the Dungeon.
             The game lasted 00:13:30 (5960 turns).

Peloso the Carver (Minotaur Fighter)                Turns: 5960, Time: 00:13:31

HP:   -15/84 (86)   AC: 19    Str: 22    XL:     10   Next: 7%
MP:   9/9           EV:  8    Int:  5    God:    Okawaru [**....]
Gold: 287           SH:  5    Dex: 13    Spells: 9/9 levels left

rFire   + . .        a - +3 long sword (freeze)
rCold   + . .        d - +0 buckler
rNeg    . . .        C - +0 plate armour
rPois   .            (helmet restricted)
rElec   .            (no cloak)
rCorr   .            (no gloves)
SInv    .            A - +3 pair of seven-league boots {Rampage+∞}
Will    .....        k - amulet of regeneration Stlth
                     v - ring of protection from cold
HPRegen 1.14/turn    x - ring of protection from fire
MPRegen 0.11/turn

%: rampage+∞
@: lightly drained
A: horns 2, retaliatory headbutt
a: Renounce Religion, Heroism


You were on level 7 of the Dungeon.
You worshipped Okawaru.
Okawaru was pleased with you.
You visited 2 branches of the dungeon, and saw 9 of its levels.

You collected 431 gold pieces.
You spent 144 gold pieces at shops.

Inventory:

Hand Weapons
 a - a +3 long sword of freezing (weapon)
 b - a +1 scimitar
 c - a +0 scimitar of flaming
Missiles
 p - 2 throwing nets (quivered)
Armour
 d - a +0 buckler (worn)
 A - the +3 pair of seven-league boots (worn) {Rampage+∞}
   (You found it on level 6 of the Dungeon)

   Rampage+∞: When moving toward enemies, its wearer moves as far as possible,
   alerting their target en route.
 C - a +0 plate armour (worn)
Jewellery
 k - an amulet of regeneration (around neck)
 v - a ring of protection from cold (left hand)
 x - a ring of protection from fire (right hand)
 y - a ring of positive energy
Wands
 n - a wand of quicksilver (1)
Scrolls
 e - a scroll of brand weapon {unknown}
 f - 3 scrolls of noise {unknown}
 i - 7 scrolls of teleportation {unknown}
 j - 3 scrolls of amnesia {unknown}
 m - 3 scrolls of identify {unknown}
 o - a scroll of blinking {unknown}
 w - a scroll of silence {unknown}
 B - a scroll of immolation {unknown}
Potions
 g - a potion of flight {unknown}
 h - 2 potions of mutation {unknown}
 l - a potion of curing
 q - a potion of berserk rage {unknown}
 r - a potion of might
 s - 2 potions of resistance {unknown}
 t - 2 potions of lignification {unknown}
 u - 2 potions of attraction {unknown}
 z - a potion of degeneration {unknown}


   Skills:
 + Level 7.0 Fighting
 + Level 11.4 Long Blades
 + Level 10.4 Armour
 + Level 3.2 Dodging
 + Level 0.3 Stealth
 + Level 6.7 Shields
 + Level 0.3 Evocations


You had 9 spell levels left.
You didn't know any spells.
Your spell library contained the following spells:

 Spells                   Type           Power      Damage    Failure   Level
 Beastly Appendage        Tmut           0%         N/A       100%        1
 Foxfire                  Conj/Fire      0%         2x1d4     100%        1
 Magic Dart               Conj           0%         1d3       100%        1
 Wereblood                Tmut           0%         N/A       100%        2
 Ignite Poison            Fire/Tmut/Pois 0%         N/A       100%        3
 Mephitic Cloud           Conj/Pois/Air  0%         N/A       100%        3
 Spider Form              Tmut/Pois      0%         N/A       100%        3
 Stone Arrow              Conj/Erth      0%         3d7       100%        3
 Sticky Flame             Conj/Fire      0%         2d3       100%        4
 Fireball                 Conj/Fire      0%         3d3       100%        5
 Plasma Beam              Fire/Air       0%         2x1d11    100%        6
 Starburst                Conj/Fire      0%         6d3       100%        6
 Ignition                 Fire           0%         3d3       100%        8
 Lehudib's Crystal Spear  Conj/Erth      0%         10d2      100%        8
 Call Imp                 Summ           Unusable   N/A       N/A         2
 Animate Armour           Summ/Erth      Unusable   N/A       N/A         4

Dungeon Overview and Level Annotations

Branches:
Dungeon (8/15)             Temple (1/1) D:4            Lair (0/5) D:8

Altars:
Ashenzari
Dithmenos
Elyvilon
Fedhas
Gozag
Hepliaklqana
Makhleb
Okawaru
Qazlal
Ru
Sif Muna
Trog
Uskayaw
Vehumet
Wu Jian
Xom
Yredelemnul
Zin

Shops:
D:1 [   D:3 ?   D:5 [?

Annotations:
D:3 2 runed translucent doors, raetorn's ghost, weakling MiFi
D:6 1 runed translucent door, raetorn's ghost, amateur NaFE
D:7 1 runed translucent door, Sheepclothes's ghost, novice SpBr


Innate Abilities, Weirdness & Mutations

You have a pair of horns on your head.
You reflexively headbutt those who attack you in melee.


Message History

The death yak gores you but does no damage. x3
The gnoll hits you but does no damage.
You climb upwards.
Level annotation: 1 runed translucent door, Sheepclothes's ghost, novice SpBr
There is a stone staircase leading down, spattered with blood here.
Things that are here:
a +0 robe; the human corpse of Erica
Okay, then.
The death yak attacks as you move away! The death yak gores you!
The death yak attacks as you move away!
The death yak gores you but does no damage. x2
The death yak barely misses you. You furiously retaliate!
You headbutt the death yak! The death yak attacks as you move away!
The death yak gores you but does no damage.
The death yak attacks as you move away!
The death yak gores you but does no damage.
The death yak attacks as you move away! The death yak gores you!
The death yak attacks as you move away!
The death yak gores you but does no damage.
The death yak attacks as you move away!
The death yak gores you but does no damage.
The gnoll is no longer moving quickly.
The death yak attacks as you move away! The death yak gores you!
The death yak attacks as you move away!
The death yak gores you but does no damage.
The death yak gores you!
* * * LOW HITPOINT WARNING * * *
The death yak attacks as you move away! The death yak gores you!
* * * LOW HITPOINT WARNING * * *
The death yak snorts and paws the ground.
There is an open door here.
The death yak attacks as you move away! The death yak barely misses you.
Okay, then.
Okay, then.
Okay, then.
The death yak attacks as you move away! The death yak gores you!
* * * LOW HITPOINT WARNING * * *
The death yak attacks as you move away! The death yak gores you!!
You die...

#......#......#..#....'...#
##.....#......####....#..##
.#.....#...:......#####..##
##.....#..........#...#...#
.#.....+..........#...#.†.#
W##'####..........##.###'##
##....####....#+####.##..######
......'..#....#...........#...#
..<...#..#....YY@.........#...#
......#..#..Yg#...........#...#
....Y.####....#...##.....##...#
###'#.g.....###...##.....##...#
#...#.......#......'.....'....#
'...#.......#......#.....#....#
##..#.......##########...##...#
##..##+####......#####...##...#
....#.....#......#........+...#


You could see 3 death yaks and a gnoll.

Vanquished Creatures
  Erica (D:7)
  Prince Ribbit (D:7)
  Sigmund (D:6)
  A wyvern (D:8)
  2 steam dragons (D:7)
  A water moccasin (D:7)
  Duvessa (D:7)
  2 ice beasts
  2 black bears
  A sky beast (D:7)
  2 ogres (D:5)
  A centaur (D:7)
  Blork the orc (D:6)
  2 bullfrogs
  5 scorpions
  7 wights
  Dowan (D:7)
  4 howler monkeys
  3 orc priests
  3 hounds
  A jelly (D:5)
  2 gnoll boudas (D:6)
  A sleepcap (D:7)
  Ijyb (D:3)
  4 iguanas
  Terence (D:3)
  An orc wizard (D:4)
  2 scorpion zombies (D:4)
  2 hell rats
  2 hound zombies (D:4)
  3 hound skeletons (D:4)
  10 gnolls
  4 adders
  A white imp (D:6)
  An adder zombie (D:4)
  2 adder skeletons (D:4)
  2 dart slugs
  13 orcs
  4 ball pythons
  7 bats
  8 endoplasms
  3 giant cockroaches
  21 goblins
  12 hobgoblins
  4 jackals (D:2)
  6 kobolds
  6 quokkas
  4 frilled lizards
  6 rats
176 creatures vanquished.

Vanquished Creatures (others)
  A gnoll (D:8)
  A quokka (D:8)
2 creatures vanquished.

Grand Total: 178 creatures vanquished

Notes
Turn   | Place    | Note
-------+----------+-------------------------------------------
     0 | D:1      | Peloso the Minotaur Fighter began the quest for the Orb.
     0 | D:1      | Reached XP level 1. HP: 19/19 MP: 0/0
    33 | D:1      | Found Zepsae Niush's Antique Armour Shoppe.
    90 | D:1      | Reached XP level 2. HP: 27/27 MP: 1/1
   506 | D:2      | Found a faded altar of an unknown god.
   510 | D:2      | Reached XP level 3. HP: 33/33 MP: 2/2
   518 | D:2      | Reached skill level 3 in Long Blades
   632 | D:2      | Reached skill level 1 in Dodging
   725 | D:2      | Reached XP level 4. HP: 34/40 MP: 3/3
  1049 | D:3      | Found a large runed translucent door.
  1049 | D:3      | Found a large runed translucent door.
  1050 | D:3      | Noticed raetorn's ghost (weakling MiFi)
  1081 | D:3      | Found Piarykatz's Magic Scroll Boutique.
  1179 | D:3      | Noticed Ijyb
  1186 | D:3      | Killed Ijyb
  1465 | D:3      | Noticed Terence
  1475 | D:3      | Killed Terence
  1476 | D:3      | Reached skill level 4 in Long Blades
  1476 | D:3      | Reached XP level 5. HP: 21/47 MP: 4/4
  1835 | D:4      | Found an opulent altar of Gozag.
  1909 | D:4      | Noticed a black bear
  1929 | D:4      | Reached skill level 5 in Armour
  1934 | D:4      | Reached skill level 5 in Long Blades
  1934 | D:4      | Reached XP level 6. HP: 53/53 MP: 5/5
  2049 | D:4      | Reached skill level 6 in Long Blades
  2049 | D:4      | Reached XP level 7. HP: 59/60 MP: 6/6
  2185 | D:4      | Found a staircase to the Ecumenical Temple.
  2216 | Temple   | Entered the Ecumenical Temple
  2466 | D:1      | Bought a smoking scale mail for 144 gold pieces
  2466 | D:1      | Identified the +0 scale mail of Ynumops {Rampage rN+++
                  | Will- Int+3} (You bought it in a shop on level 1 of the
                  | Dungeon)
  2685 | D:5      | Entered Level 5 of the Dungeon
  2688 | D:5      | Found Rabeof's Magic Scroll Emporium.
  2712 | D:5      | Found Luicor's Armour Shoppe.
  2778 | D:5      | Reached skill level 5 in Fighting
  2792 | D:5      | Reached skill level 7 in Long Blades
  3097 | D:4      | Reached skill level 5 in Shields
  3249 | D:5      | Found a radiant altar of Vehumet.
  3300 | D:5      | Found a burning altar of Makhleb.
  3300 | D:5      | Found a bloodstained altar of Trog.
  3404 | D:5      | Reached skill level 8 in Long Blades
  3404 | D:5      | Reached XP level 8. HP: 68/68 MP: 7/7
  3548 | D:6      | Noticed Sigmund
  3551 | D:6      | Found a white marble altar of Elyvilon.
  3573 | D:6      | Killed Sigmund
  3707 | D:6      | Found a runed translucent door.
  3716 | D:6      | Noticed raetorn's ghost (amateur NaFE)
  3724 | D:6      | Found an iron altar of Okawaru.
  3755 | D:6      | Became a worshipper of Warmaster Okawaru
  3796 | D:6      | Noticed Blork the orc
  3821 | D:6      | Killed Blork the orc
  3828 | D:6      | Reached skill level 9 in Long Blades
  4277 | D:6      | Found the +3 pair of seven-league boots {Rampage+∞}
  4723 | D:7      | Reached XP level 9. HP: 9/70 MP: 8/8
  4986 | D:7      | Noticed Prince Ribbit
  5002 | D:7      | Killed Prince Ribbit
  5003 | D:7      | Reached skill level 10 in Long Blades
  5075 | D:7      | Noticed Dowan
  5075 | D:7      | Noticed Duvessa
  5081 | D:7      | Killed Dowan
  5081 | D:7      | Reached * piety under Okawaru
  5091 | D:7      | Killed Duvessa
  5203 | D:7      | Found a runed translucent door.
  5203 | D:7      | Noticed Sheepclothes's ghost (novice SpBr)
  5575 | D:8      | HP: 3/72 [wight/+0 spear (3)]
  5576 | D:8      | HP: 1/72 [wight/+0 spear (2)]
  5592 | D:8      | Reached ** piety under Okawaru
  5655 | D:8      | Noticed Erica
  5824 | D:8      | Reached skill level 11 in Long Blades
  5840 | D:7      | Killed Erica
  5841 | D:7      | Reached skill level 10 in Armour
  5841 | D:7      | Reached XP level 10. HP: 41/86 MP: 9/9
  5887 | D:8      | Noticed a death yak
  5887 | D:8      | Noticed a death yak
  5889 | D:8      | Noticed a death yak
  5890 | D:8      | Found a staircase to the Lair.
  5959 | D:7      | HP: 3/84 [death yak (7)]
  5960 | D:7      | Demolished by a death yak

Illustrated notes

Levels and vault maps discovered:
D:1:      scummos_arrival_forest, layout_rooms, serial_shops, shop
D:2:      layout_rooms, nicolae_ecumenical_pavilion, serial_glass,
          glass_columns_a, glass_columns_b, glass_columns_a, glass_columns_a,
          kennysheep_generic_room_7
D:3:      layout_loops_ring, serial_shops, shop, ebering_ghost_disaster_area,
          uniq_ijyb, uniq_terence
D:4:      layout_cave_pools, mainiacjoe_overflow_six_doors_small,
          minmay_temple_entry_statues_pillars, serial_undead, serial_undead_f,
          serial_undead_b, serial_undead_d, serial_undead_e, serial_undead_f,
          serial_undead_a
D:5:      layout_rooms, gammafunk_temple_overflow_wave,
          nicolae_vehumet_altar_sigil, serial_shops, shop, shop,
          hangedman_abyss_or_decor_passed, minmay_ogre_servants
D:6:      layout_loops_corners, mainiacjoe_overflow_brackets,
          mainiacjoe_overflow_chevrons, ebering_ghost_sewer_d,
          nicolae_grassy_gnolls, uniq_sigmund, uniq_blork_the_orc
D:7:      layout_gridville, gammafunk_ghost_grave, uniq_duvessa,
          uniq_prince_ribbit1
D:8:      layout_cave_pools, lemuel_mausoleum_altar_kikubaaqudgha,
          grunt_temple_overflow_diamond, dpeg_lair_monsters, serial_shops,
          nicolae_shop_tiny_real_fake_doors, uniq_erica
Temple:   nicolae_temple_slightly_damp_pantheon

Skill      XL: |  1  2  3  4  5  6  7  8  9 |
---------------+----------------------------+-----
Shields        | 4 5 6 |  6.7
Armour         | 4 5 6 8 10 | 10.4
Fighting       | 4 5 7 |  7.0
Long Blades    | 3 4 5 6 8 9 11 | 11.4
Dodging        | 1 2 3 |  3.2
Stealth        | |  0.3
Evocations     | |  0.3

Action                     |  1- 3 |  4- 6 |  7- 9 | 10-12 || total
---------------------------+-------+-------+-------+-------++-------
  Melee: Long sword        |    95 |   144 |   349 |    21 ||   609
         Headbutt          |     6 |    20 |    80 |     5 ||   111
  Evoke: Wand              |       |       |     3 |       ||     3
    Use: Potion            |     1 |     1 |     2 |       ||     4
 Armour: Scale mail        |    65 |    71 |     8 |       ||   144
         Plate armour      |       |       |   172 |    35 ||   207
  Dodge: Dodged            |    80 |    78 |   118 |    25 ||   301
  Block: Buckler           |    34 |    34 |    82 |    15 ||   165
